 Dungeon Crawl Stone Soup version 0.30-a0-778-g2ef04afb54 (webtiles) character file.

Game seed: 12206870550632771514

137700 Ceno the Marksfrog (level 17, 0/124 (128) HPs)
             Began as a Barachi Hexslinger on Feb 15, 2023.
             Was the Champion of Cheibriados.
             Slain by a centaur warrior (6 damage)
             ... on level 15 of the Dungeon on Feb 16, 2023.
             The game lasted 02:24:33 (30921 turns).

Ceno the Marksfrog (Barachi Hexslinger)            Turns: 30921, Time: 02:24:33

HP:   0/124 (128)   AC: 20    Str: 27    XL:     17   Next: 24%
MP:   10/26         EV: 29    Int: 29    God:    Cheibriados [******]
Gold: 2487          SH:  0    Dex: 45    Spells: 13/28 levels left

rFire   . . .      SeeInvis .    a - +7 arbalest "Fommoqune" {flame, +Blink rPois Dex+4 Stlth-}
rCold   + . .      Faith    .    (shield currently unavailable)
rNeg    . . .      Spirit   .    B - +0 swamp dragon scales
rPois   +          Reflect  .    e - +2 helmet
rElec   .          Harm     .    i - +1 cloak {rCorr}
rCorr   +          Rampage  .    j - +2 pair of gloves
Will    +....                    V - +0 pair of boots
Stlth   ++++                     H - amulet of the acrobat
HPRegen 0.40/turn                T - ring of protection from cold
MPRegen 0.20/turn                N - +6 ring of dexterity

@: unable to hop, acrobatic, slowed, lightly drained, very slow
A: amphibious, slowness 1, strong legs 2, +LOS
a: Hop, Renounce Religion, Evoke Blink, Bend Time, Temporal Distortion, Slouch,
Step From Time


You were on level 15 of the Dungeon.
You worshipped Cheibriados.
Cheibriados was exalted by your worship.
You visited 4 branches of the dungeon, and saw 23 of its levels.
You also visited: Sewer and Bailey.

You collected 3300 gold pieces.
You spent 813 gold pieces at shops.

Inventory:

Hand Weapons
 a - the +7 arbalest "Fommoqune" (weapon) {flame, +Blink rPois Dex+4 Stlth-}
   (You bought it in a shop on level 2 of the Orcish Mines)

   Dex:       It affects your dexterity (+4).
   rPois:     It protects you from poison.
   +Blink:    It lets you blink.
   Stlth:     It makes you less stealthy.
 b - a +4 scimitar of flaming
 m - a +3 shortbow of freezing
Missiles
 g - 20 poisoned darts
 n - 3 curare-tipped darts
Armour
 e - a +2 helmet (worn)
 i - a +1 cloak of preservation (worn)
 j - a +2 pair of gloves (worn)
 l - a scarf of invisibility
 B - +0 swamp dragon scales (worn)
 K - a +2 cloak
 V - a +0 pair of boots (worn)
Jewellery
 d - a ring of positive energy
 u - an amulet of regeneration
 H - an amulet of the acrobat (around neck)
 N - a +6 ring of dexterity (right hand)
 T - a ring of protection from cold (left hand)
 W - a ring of resist corrosion
Wands
 v - a wand of polymorph (6)
 E - a wand of charming (5)
 L - a wand of roots (4)
 P - a wand of flame (18)
 R - a wand of light (14)
Scrolls
 o - 2 scrolls of butterflies
 p - a scroll of fear
 q - a scroll of silence
 r - 3 scrolls of immolation
 x - a scroll of enchant weapon
 y - a scroll of fog
 z - 2 scrolls of vulnerability
 C - 4 scrolls of magic mapping
 J - 3 scrolls of poison
 Q - a scroll of blinking
 S - a scroll of teleportation
 X - a scroll of amnesia {unknown}
 Y - 3 scrolls of identify
Potions
 c - 3 potions of flight
 f - 10 potions of curing
 h - 4 potions of brilliance
 k - 8 potions of mutation
 s - 3 potions of lignification
 t - a potion of might
 w - 3 potions of magic
 A - a potion of invisibility
 D - 2 potions of resistance
 O - a potion of ambrosia
 U - a potion of cancellation
Miscellaneous
 I - a box of beasts


   Skills:
 - Level 10.0 Fighting
 - Level 12.9 Long Blades
 + Level 16.6 Ranged Weapons
 + Level 9.9 Armour
 - Level 2.1 Dodging
 - Level 6.8 Stealth
 - Level 6.0 Spellcasting
 - Level 10.3 Hexes
 - Level 5.0 Necromancy
 - Level 4.0 Translocations
 - Level 4.0 Fire Magic
 + Level 8.9 Invocations
 + Level 4.2 Evocations


You had 13 spell levels left.
You knew the following spells:

 Your Spells              Type           Power      Damage    Failure   Level
a - Slow                  Hex            100%       N/A       1%          1
b - Inner Flame           Hex/Fire       50%        N/A       1%          3
c - Portal Projectile     Hex/Tloc       100%       N/A       1%          3
d - Cause Fear            Hex            31%        N/A       1%          4
e - Anguish               Hex/Necr       26%        N/A       3%          4

Your spell library contained the following spells:

 Spells                   Type           Power      Damage    Failure   Level
 Necrotise                Necr           100%       1d9       1%          1
 Ensorcelled Hibernation  Hex/Ice        76%        N/A       1%          2
 Sublimation of Blood     Necr           37%        N/A       1%          2
 Confusing Touch          Hex            62%        N/A       1%          3
 Summon Guardian Golem    Hex/Summ       38%        N/A       2%          3
 Vampiric Draining        Necr           37%        2d8       3%          3
 Cigotuvi's Dreadful Rot  Necr/Pois/Air  36%        N/A       6%          2
 Magic Dart               Conj           32%        1d4       8%          1
 Summon Small Mammal      Summ           32%        N/A       8%          1
 Fulminant Prism          Conj/Hex       19%        3d11      9%          4
 Leda's Liquefaction      Hex/Erth       19%        N/A       9%          4
 Vhi's Electric Charge    Tloc/Air       40%        N/A       10%         3
 Searing Ray              Conj           16%        2d5       12%         2
 Static Discharge         Conj/Air       16%        2-3/arc   12%         2
 Ignite Poison            Fire/Tmut/Pois 16%        N/A       13%         3
 Call Canine Familiar     Summ           8%         N/A       22%         3
 Spider Form              Tmut/Pois      8%         N/A       22%         3
 Summon Mana Viper        Hex/Summ       38%        N/A       26%         5
 Flame Wave               Conj/Fire      20%        2d7       32%         4
 Sticky Flame             Conj/Fire      20%        2d4       32%         4
 Summon Ice Beast         Ice/Summ       8%         N/A       58%         4
 Borgnjor's Vile Clutch   Necr/Erth      11%        N/A       58%         5
 Enfeeble                 Hex            31%        N/A       67%         7
 Lee's Rapid Deconstruct  Erth           4%         3d5*      91%         5
 Statue Form              Tmut/Erth      5%         N/A       100%        6
 Dragon Form              Tmut           4%         N/A       100%        7
 Monstrous Menagerie      Summ           4%         N/A       100%        7
 Necromutation            Tmut/Necr      11%        N/A       100%        8


Dungeon Overview and Level Annotations

Branches:
Dungeon (15/15)            Temple (1/1) D:5            Lair (5/5) D:10
  Swamp (0/4) Lair:3       Spider (0/4) Lair:2        Slime (0/5) Lair:4
    Orc (2/2) D:12            Elf (0/3) Orc:2        Vaults (0/5) D:13
  Sewer (visited)          Bailey (visited)
 Depths: D:15

Altars:
Ashenzari
Cheibriados
Dithmenos
Elyvilon
Fedhas
Gozag
Hepliaklqana
Kikubaaqudgha
Makhleb
Nemelex Xobeh
Okawaru
Qazlal
Ru
Sif Muna
Trog
Uskayaw
Vehumet
Wu Jian
Xom
Yredelemnul
Zin
The Shining One
Jiyva

Shops:
D:12 ?   D:13 !   Orc:2 :([*

Portals:
Trove: D:13 (give +4 demon blade)

Annotations:
D:6 exclusion: orc warrior
D:8 2 transporters, patfeehan111222's ghost, novice MiBe
D:15 Agnes; Josephine
Lair:1 3 runed translucent doors, Valamore's ghost, journeyman DsGl


Innate Abilities, Weirdness & Mutations

You are amphibious.
You cover ground slowly.
You can hop long distances.
You have an extended range of vision and can be seen from far away.


Message History

The wraith closely misses you.
The centaur warrior attacks as you move away!
The centaur warrior misses you.
The centaur warrior kicks you but does no damage.
The centaur attacks as you move away!
The centaur unwields a +2 heavy shortbow.
The centaur hits you.
* * * LOW HITPOINT WARNING * * *
The centaur is wracked by anguish.
The centaur completely misses you. The wraith attacks as you move away!
The wraith closely misses you.
The centaur warrior wields a +0 longbow.
The centaur warrior shoots an arrow.
The arrow completely misses you.
The centaur wields a +2 heavy shortbow.
The centaur shoots an arrow.
The arrow hits you but does no damage.
The centaur warrior shoots an arrow.
The arrow completely misses you. The wraith barely misses you.
The centaur warrior unwields a +0 longbow.
The centaur warrior closely misses you.
The centaur warrior kicks you but does no damage.
The wraith closely misses you. The wraith attacks as you move away!
The wraith hits you.
* * * LOW HITPOINT WARNING * * *
The wraith drains your vigour!
You feel yourself slow down. The centaur warrior misses you.
The centaur warrior barely misses you.
The centaur warrior completely misses you.
The centaur warrior kicks you but does no damage.
The centaur warrior wields a +0 longbow.
The centaur warrior shoots an arrow.
The arrow completely misses you.
The centaur warrior shoots an arrow.
The arrow hits you.
* * * LOW HITPOINT WARNING * * *
The centaur warrior is wracked by anguish.
The centaur warrior unwields a +0 longbow.
The centaur warrior hits you!
* * * LOW HITPOINT WARNING * * *
The centaur warrior is wracked by anguish!
The centaur warrior kicks you but does no damage.
The centaur warrior closely misses you.
The centaur warrior kicks you but does no damage.
The centaur warrior attacks as you move away!
The centaur warrior hits you.
You die...

### #<# #@# #c#
#W################
#####cc..............#
#.........#........#.#
#.........#........#.#
#.........#........#.#
##.........#....♣♣....#
#####..........#..♣♣.......


You could see a centaur warrior (anguished), a wraith and 2 centaurs.

Vanquished Creatures
  Kirke (Lair:4)
  Roxanne (D:14)
  An orc warlord (Orc:1)
  A quicksilver ooze (shapeshifter) (D:13)
  Snorg (Lair:4)
  A vault guard (D:13)
  2 hydras (Lair:4)
  3 catoblepae
  Erica (D:8)
  11 death yaks
  A centaur warrior (D:13)
  A deep troll shaman (Lair:5)
  2 tengu warriors (D:14)
  2 boulder beetles
  3 two-headed ogres
  4 orc high priests
  3 skeletal warriors (D:13)
  Sonja (Lair:4)
  Nergalle (D:12)
  A skyshark (Lair:5)
  A deep elf zephyrmancer (D:11)
  2 wizards
  A lindwurm (Lair:5)
  3 orc knights
  5 deep elf pyromancers
  An orc sorcerer (Orc:1)
  8 ugly things
  3 manticores
  3 cyclopes
  4 elephants (Lair:5)
  A gargoyle (D:13)
  2 black mambas
  13 cane toads
  2 rime drakes (Lair:3)
  An unseen horror (D:11)
  7 komodo dragons
  3 tengu conjurers (D:14)
  4 polar bears
  A polar bear (shapeshifter) (D:13)
  14 blink frogs
  A hornet (D:10)
  10 trolls
  9 dream sheep
  A centaur simulacrum (D:14)
  A spriggan (shapeshifter) (D:9)
  4 shadows
  10 slime creatures (D:13)
  A water elemental (D:12)
  68 yaks
  7 basilisks
  2 steam dragons
  5 wyverns
  4 hogs (Lair:4)
  4 wraiths
  3 redbacks (Lair:2)
  12 vampire mosquitoes
  Edmund (D:5)
  6 wargs
  3 acid dragons
  14 water moccasins
  26 orc warriors
  A sky beast (D:5)
  An ice beast (D:5)
  A sky beast (shapeshifter) (D:13)
  A black bear (Lair:3)
  13 centaurs
  7 ogres
  11 wolves
  A phantom (D:6)
  2 kobold brigands (Sewer)
  14 bullfrogs
  2 necrophages
  2 scorpions
  4 wights (D:7)
  8 killer bees
  2 electric eels (D:12)
  4 howler monkeys
  3 lava snakes (D:15)
  2 jellies
  14 orc priests
  4 hounds
  3 gnoll boudas
  2 iguanas (D:5)
  19 orc wizards
  22 gnolls
  5 adders
  5 river rats (Sewer)
  A shadow imp (D:7)
  A white imp (D:7)
  An ufetubus (D:6)
  3 worms
  5 dart slugs
  97 orcs
  10 bats
  9 endoplasms
  8 giant cockroaches
  7 goblins
  3 hobgoblins
  2 jackals (D:2)
  4 quokkas
  12 ball pythons
  7 frilled lizards
  24 kobolds
  19 rats
679 creatures vanquished.

Vanquished Creatures (collateral kills)
  A death yak (Lair:5)
1 creature vanquished.

Vanquished Creatures (others)
  An orc warlord (Orc:1)
  A boulder beetle (D:14)
  An orc warrior (D:12)
  An orc wizard (D:6)
  An orc (D:8)
  56 fungi
  58 plants
119 creatures vanquished.

Grand Total: 799 creatures vanquished

Notes
Turn   | Place    | Note
-------+----------+-------------------------------------------
     0 | D:1      | Ceno the Barachi Hexslinger began the quest for the Orb.
     0 | D:1      | Reached XP level 1. HP: 15/15 MP: 2/2
   115 | D:1      | Reached XP level 2. HP: 21/21 MP: 3/3
   278 | D:1      | Reached skill level 1 in Stealth
   280 | D:1      | Found a faded altar of an unknown god.
   566 | D:1      | Reached XP level 3. HP: 26/26 MP: 4/4
  1132 | D:2      | Reached skill level 3 in Ranged Weapons
  1325 | D:2      | Identified the ring "Leamome" {Fly rC- MP+9 Int+5}
  1333 | D:2      | Reached XP level 4. HP: 32/32 MP: 3/5
  2062 | D:3      | Found a burning altar of Makhleb.
  2253 | D:2      | Reached XP level 5. HP: 29/37 MP: 6/6
  2864 | D:4      | Noticed a +0 dagger
  2865 | D:4      | Noticed a +0 falchion
  2865 | D:4      | Noticed a +0 spear
  2866 | D:4      | Noticed a +0 spear
  2867 | D:4      | Noticed a +0 short sword
  2867 | D:4      | Noticed a +0 short sword
  2867 | D:4      | Noticed a +0 dagger
  2869 | D:4      | Noticed a +0 falchion
  2876 | D:4      | Found a hide-covered altar of Uskayaw.
  2968 | D:4      | Found a glowing drain.
  2985 | Sewer    | Entered a sewer
  3033 | Sewer    | Reached skill level 4 in Ranged Weapons
  3205 | Sewer    | Noticed a kobold brigand
  3206 | Sewer    | Noticed a kobold brigand
  3493 | Sewer    | Killed a kobold brigand
  3494 | Sewer    | Reached XP level 6. HP: 35/43 MP: 4/7
  4114 | Sewer    | Reached skill level 5 in Ranged Weapons
  4418 | Sewer    | Reached skill level 5 in Hexes
  4766 | D:4      | Reached skill level 1 in Fire Magic
  5131 | D:4      | Reached XP level 7. HP: 39/48 MP: 8/8
  5399 | D:4      | Reached skill level 6 in Ranged Weapons
  5651 | D:5      | Entered Level 5 of the Dungeon
  6008 | D:5      | Found a staircase to the Ecumenical Temple.
  6018 | Temple   | Entered the Ecumenical Temple
  6027 | Temple   | Became a worshipper of Cheibriados the Contemplative
  6168 | D:5      | Noticed Edmund
  6188 | D:5      | Killed Edmund
  6189 | D:5      | Reached skill level 7 in Ranged Weapons
  6189 | D:5      | Reached XP level 8. HP: 54/54 MP: 9/9
  7173 | D:5      | Reached skill level 8 in Ranged Weapons
  7312 | D:6      | Learned a level 3 spell: Inner Flame
  7316 | D:6      | Learned a level 3 spell: Portal Projectile
  7456 | D:6      | Reached skill level 10 in Ranged Weapons
  7456 | D:6      | Reached XP level 9. HP: 59/59 MP: 10/18
  7478 | D:6      | Reached * piety under Cheibriados
  7479 | D:6      | Reached skill level 1 in Translocations
  8398 | D:6      | Reached XP level 10. HP: 24/65 MP: 19/19
  8611 | D:7      | Found a flagged portal.
  8658 | Bailey   | Entered a bailey
  8749 | Bailey   | Learned a level 4 spell: Cause Fear
  8977 | Bailey   | Reached ** piety under Cheibriados
  9315 | Bailey   | Noticed an orc knight
  9363 | Bailey   | Killed an orc knight
  9722 | D:7      | Reached *** piety under Cheibriados
 10073 | D:7      | Found a shimmering altar of Xom.
 10431 | D:8      | Noticed Erica
 10440 | D:8      | Killed Erica
 10441 | D:8      | Reached skill level 11 in Ranged Weapons
 10550 | D:8      | Noticed patfeehan111222's ghost (novice MiBe)
 10550 | D:8      | Found a transporter.
 10550 | D:8      | Found a transporter.
 10551 | D:8      | Identified the +5 dire flail of Taxation {freeze, rPois rC-
                  | Int+6}
 10949 | D:8      | Reached **** piety under Cheibriados
 11200 | D:8      | Reached skill level 1 in Long Blades
 11854 | D:9      | Reached XP level 11. HP: 71/73 MP: 10/20
 12104 | D:10     | Entered Level 10 of the Dungeon
 12316 | D:9      | Reached skill level 10 in Hexes
 12652 | D:10     | Noticed a two-headed ogre
 12657 | D:10     | Killed a two-headed ogre
 12743 | D:10     | Found a staircase to the Lair.
 13369 | Lair:1   | Entered Level 1 of the Lair of Beasts
 13388 | D:10     | Reached skill level 1 in Necromancy
 13612 | Lair:1   | Found a runed translucent gate.
 13612 | Lair:1   | Found a runed translucent gate.
 13612 | Lair:1   | Found a runed translucent gate.
 13614 | Lair:1   | Noticed a catoblepas
 13614 | Lair:1   | Noticed a death yak
 13615 | Lair:1   | Noticed Valamore's ghost (journeyman DsGl)
 14040 | Lair:1   | Identified the +5 falchion "Wekew" {protect, Int+3}
 14172 | Lair:1   | Reached ***** piety under Cheibriados
 14173 | Lair:1   | Reached skill level 5 in Fighting
 14532 | Lair:1   | Reached skill level 5 in Long Blades
 15179 | Lair:2   | Found a hole to the Spider Nest.
 15417 | Lair:2   | Reached skill level 12 in Ranged Weapons
 15438 | Lair:2   | Reached XP level 12. HP: 74/87 MP: 2/21
 16442 | Lair:3   | Noticed a catoblepas
 17317 | Lair:3   | Noticed a catoblepas
 17394 | Lair:3   | Killed a catoblepas
 17395 | Lair:3   | Reached skill level 5 in Necromancy
 17591 | Lair:3   | Learned a level 4 spell: Anguish
 17795 | Lair:3   | Reached skill level 1 in Invocations
 18053 | Lair:3   | Found a staircase to the Swamp.
 18525 | Lair:3   | Gained mutation: You can hop long distances. [Barachi
                  | growth]
 18525 | Lair:3   | Reached XP level 13. HP: 99/99 MP: 22/22
 18566 | Lair:4   | Noticed Sonja
 18643 | Lair:4   | Killed Sonja
 18644 | Lair:4   | Reached skill level 13 in Ranged Weapons
 18738 | Lair:4   | Noticed Snorg
 18757 | Lair:4   | Killed Snorg
 18848 | Lair:4   | Noticed Kirke
 18874 | Lair:4   | Killed Kirke
 18912 | Lair:4   | Reached XP level 14. HP: 109/109 MP: 20/23
 18935 | Lair:4   | Found a runed translucent door.
 18937 | Lair:4   | Found a viscous altar of Jiyva.
 18939 | Lair:4   | Found a staircase to the Slime Pits.
 18949 | Lair:4   | Reached ****** piety under Cheibriados
 19053 | Lair:4   | Reached skill level 10 in Fighting
 19076 | Lair:4   | Identified a scroll of acquirement
 19147 | Lair:4   | Reached skill level 10 in Long Blades
 19147 | Lair:4   | Reached skill level 1 in Armour
 19762 | Lair:5   | Entered Level 5 of the Lair of Beasts
 19993 | Lair:4   | Reached skill level 5 in Invocations
 20476 | Lair:4   | Reached skill level 14 in Ranged Weapons
 20910 | Lair:5   | Got the Almanac of Spectral Clay
 21118 | Lair:4   | Identified the +5 scale mail "Jegecoga" {Drain rPois Str+2
                  | Int+6}
 21610 | Lair:5   | Reached skill level 5 in Armour
 22276 | Lair:5   | Reached XP level 15. HP: 115/115 MP: 13/24
 23126 | D:11     | Identified the +10 dagger "Sicamuaqu" {heavy, Stlth+}
 23153 | D:11     | Got Jododium's Catalogue of Combed Thunderclap
 23161 | D:11     | Got Ts'ui Pên's Handbook of Forking Paths
 23170 | D:11     | Got the Elucidation of Dhcmrlchtdj
 23428 | D:11     | Identified the +5 spear of Bile {holy, Fragile rC+ Str+2}
 23823 | D:12     | Found a staircase to the Orcish Mines.
 24516 | D:12     | Found The Oracle's Delphic Readings.
 24956 | Orc:1    | Entered Level 1 of the Orcish Mines
 24960 | Orc:1    | Noticed Nergalle
 24977 | D:12     | Killed Nergalle
 25277 | Orc:1    | Reached skill level 15 in Ranged Weapons
 25428 | Orc:1    | Noticed an orc warlord
 25438 | Orc:1    | Paralysed by an orc sorcerer for 4 turns
 25439 | Orc:1    | Killed an orc warlord
 25845 | Orc:2    | Entered Level 2 of the Orcish Mines
 25870 | Orc:2    | Noticed an orc warlord
 26097 | Orc:1    | Killed an orc warlord
 26097 | Orc:1    | HP: 2/115 [orc warrior/+0 hand axe (10)]
 26794 | Orc:2    | Found Danliciyxt's Antique Weapon Shop.
 26819 | Orc:2    | Found a staircase to the Elven Halls.
 26822 | Orc:2    | Found Rovooxadd's Book Shop.
 27059 | Orc:2    | Found Kidogoh's Antique Armour Boutique.
 27309 | Orc:2    | Found Genki's General Store.
 27515 | Orc:2    | Bought a runed cloak for 157 gold pieces
 27515 | Orc:2    | Bought a runed helmet for 157 gold pieces
 27515 | Orc:2    | Bought a pair of glowing gloves for 157 gold pieces
 27534 | Orc:2    | Reached skill level 16 in Ranged Weapons
 27534 | Orc:2    | Reached XP level 16. HP: 122/122 MP: 25/25
 27832 | Orc:2    | Bought a dazzling arbalest for 342 gold pieces
 27832 | Orc:2    | Identified the +7 arbalest "Fommoqune" {flame, +Blink rPois
                  | Dex+4 Stlth-} (You bought it in a shop on level 2 of the
                  | Orcish Mines)
 27964 | D:13     | Reached skill level 1 in Evocations
 28278 | D:13     | Found a gate to the Vaults.
 28626 | D:13     | Acquired 1130 gold pieces
 28755 | D:13     | Reached XP level 17. HP: 128/128 MP: 26/26
 28877 | D:13     | Found a portal to a secret trove of treasure.
 29066 | D:13     | Found Deguph's Distillery.
 29243 | D:14     | Identified Roxanne's Secrets of Reconstruction
 29243 | D:14     | Noticed Roxanne
 29274 | D:14     | Killed Roxanne
 30717 | D:15     | Entered Level 15 of the Dungeon
 30889 | D:15     | Noticed Josephine
 30892 | D:15     | Noticed Agnes
 30920 | D:15     | HP: 6/124 [centaur warrior (11)]
 30921 | D:15     | Slain by a centaur warrior

Illustrated notes

Levels and vault maps discovered:
D:1:      lemuel_arrival_funnel, layout_basic, nicolae_ecumenical_snake_handling
D:2:      layout_basic, minmay_misc_feat_more_columns
D:3:      layout_loops_cross, mainiacjoe_overflow_boulevard,
          kennysheep_crisscross, nicolae_concentric_dashed_squares_mild
D:4:      minmay_chambers_of_twos, layout_loops_corners,
          nicolae_uskayaw_en_pointe, portal_sewer_entry_f, minmay_quantized
D:5:      layout_basic, temple_pool_b, corner_web_ring, uniq_edmund
D:6:      minmay_cornered_nines, layout_basic
D:7:      layout_loops_ring, mainiacjoe_overflow_catwalk, enter_bailey_4
D:8:      layout_rooms, gammafunk_ghost_smash, uniq_erica
D:9:      layout_rooms
D:10:     layout_basic, lair_entry_dummy, st_stairs_9, minmay_misc_feat_plants
D:11:     layout_irregular_city, bh_hangedman_babel_library
D:12:     layout_basic, erik_orc_4, nicolae_nh_oracle_at_delphi
D:13:     layout_loops_ring, david_vaults_2, serial_shops,
          kennysheep_little_box, enter_trove_5
D:14:     layout_basic, lemuel_flamethrower_2, uniq_roxanne
D:15:     gammafunk_depths_entry_grave, layout_basic,
          gammafunk_ghost_fury_of_okawaru, chequers_garden,
          grunt_decor_resistance, uniq_josephine, uniq_agnes
Temple:   hellmonk_temple_of_storms
Lair:1:   hellmonk_ruined_rings, layout_cave_pods, gammafunk_ghost_split
Lair:2:   layout_loops_ring, spider_nest_entry_webs
Lair:3:   layout_regular_city, minmay_swamp_entry_swarm, grunt_megastairs_5,
          infiniplex_staircase_pool, serial_bayou_shore_b
Lair:4:   layout_regular_city, slime_entry_2, kennysheep_catoblepas_arena,
          uniq_sonja, uniq_snorg, uniq_kirke
Lair:5:   grunt_lair_end_beastmaster, layout_hall_layers, grunt_megastairs_2,
          serial_bayou_shore_b
Orc:1:    layout_caves, uniq_nergalle
Orc:2:    grunt_orc_gardens, layout_diamond_mine, grunt_orc_garden,
          grunt_orc_garden, grunt_orc_garden, grunt_orc_garden,
          nicolae_volcano_entry_lava_flow, gauntlet_entry_generic

Skill      XL: |  1  2  3  4  5  6  7  8  9 10 11 12 13 14 15 16 17 |
---------------+----------------------------------------------------+-----
Stealth        | 1 2 6 |  6.8
Ranged Weapons | 3 4 5 7 10 11 12 13 14 16 | 16.6
Hexes          | 4 5 8 9 10 | 10.3
Fire Magic     | 1 3 4 |  4.0
Spellcasting   | 6 |  6.0
Translocations | 2 4 |  4.0
Long Blades    | 1 5 8 9 11 12 | 12.9
Fighting       | 2 5 8 9 10 | 10.0
Necromancy     | 3 5 |  5.0
Invocations    | 1 4 6 8 |  8.9
Armour         | 5 8 9 |  9.9
Evocations     | 2 4 |  4.2
Dodging        | |  2.1

Action                     |  1- 3 |  4- 6 |  7- 9 | 10-12 | 13-15 | 16-18 || total
---------------------------+-------+-------+-------+-------+-------+-------++-------
  Melee: Sling             |       |       |     3 |       |       |       ||     3
         Scimitar          |       |       |       |    44 |   318 |    64 ||   426
         Punch             |       |       |       |       |     5 |     4 ||     9
   Fire: Sling             |   154 |   373 |   242 |   387 |       |       ||  1156
         Shortbow          |       |       |       |   356 |   502 |     4 ||   862
         Arbalest          |       |       |       |       |       |   132 ||   132
  Throw: Dart              |       |       |    19 |       |     4 |       ||    23
   Cast: Slow              |    25 |    52 |    81 |   170 |    44 |     6 ||   378
         Inner Flame       |       |       |     6 |    40 |    30 |     3 ||    79
         Portal Projectile |       |       |       |    46 |    28 |     5 ||    79
         Cause Fear        |       |       |       |     3 |     4 |       ||     7
         Anguish           |       |       |       |       |     9 |    11 ||    20
 Invoke: Bend Time         |       |       |     2 |     4 |     7 |     2 ||    15
         Slouch            |       |       |       |     1 |     5 |       ||     6
         Step From Time    |       |       |       |       |       |     1 ||     1
Ability: Hop               |     4 |    10 |    13 |    35 |    15 |     6 ||    83
  Evoke: Wand              |       |       |       |       |     2 |       ||     2
         Box of beasts     |       |       |       |       |     1 |       ||     1
    Use: Scroll            |     2 |     5 |     4 |    18 |     5 |     2 ||    36
         Potion            |       |     1 |     6 |     4 |     9 |     1 ||    21
 Armour: Robe              |    14 |       |       |       |       |       ||    14
         Leather armour    |    14 |    61 |    72 |    64 |       |       ||   211
         Swamp dragon scal |       |       |       |    64 |   225 |    40 ||   329
         Skin              |       |       |       |     3 |       |       ||     3
  Dodge: Dodged            |    42 |   107 |    96 |   277 |   409 |    99 ||  1030

Table legend: (Time is in decaauts)
 A = Elapsed time spent in this place.
 B = Non-inter-level travel time spent in this place.
 C = Inter-level travel time spent in this place.
 D = Time resting spent in this place.
 E = Time spent auto-exploring this place.
 F = Levels seen in this place.
 G = Mean time per level.
                   A        B        C        D        E       F      G
               +--------+--------+--------+--------+--------+-----+--------+
         Total |  46211 |  42869 |   3342 |   9113 |  20982 |  25 | 1848.4 |
       Dungeon |  24357 |  22484 |   1873 |   3792 |  11314 |  15 | 1623.8 |
        Temple |     59 |     45 |     14 |      0 |     14 |   1 |   59.0 |
          Lair |  15033 |  13818 |   1215 |   3155 |   7223 |   5 | 3006.6 |
  Orcish Mines |   3984 |   3746 |    238 |    871 |   2041 |   2 | 1992.0 |
         Sewer |   1802 |   1802 |      0 |    899 |    218 |   1 | 1802.0 |
        Bailey |    974 |    974 |      0 |    394 |    169 |   1 |  974.0 |
               +--------+--------+--------+--------+--------+-----+--------+

Top non-repeatable levels by time:
  Lair:4: 3844 daAuts
    D:12: 3080 daAuts
  Lair:5: 3010 daAuts
  Lair:1: 2945 daAuts
    D:13: 2634 daAuts
  Lair:3: 2630 daAuts
  Lair:2: 2603 daAuts
    D:14: 2448 daAuts
   Orc:1: 2068 daAuts
    D:10: 1980 daAuts
     D:7: 1936 daAuts
     D:5: 1933 daAuts
   Orc:2: 1915 daAuts
   Sewer: 1802 daAuts
     D:6: 1646 daAuts
